 Dungeon Crawl Stone Soup version 0.30-a0-121-gb27577e (webtiles) character file.

Game seed: 15077680414160397799

7144 PublicAnimeNo1 the Geomancer (level 10, -1/76 (78) HPs)
             Began as a Demonspawn Earth Elementalist on Sept 14, 2022.
             Was a Believer of Vehumet.
             Killed from afar by an ice statue (33 damage)
             ... with a bolt of cold
             ... on level 8 of the Dungeon.
             The game lasted 00:25:28 (12161 turns).

PublicAnimeNo1 the Geomancer (DsEE)                Turns: 12161, Time: 00:25:29

HP:   -1/76 (78)    AC: 11    Str:  8    XL:     10   Next: 85%
MP:   7/18          EV: 11    Int: 20    God:    Vehumet [**....]
Gold: 66            SH:  0    Dex: 11    Spells: 4/20 levels left

rFire   . . .      SeeInvis +    r - +2 whip (elec)
rCold   . . .      Faith    .    (no shield)
rNeg    . . .      Spirit   .    C - +2 leather armour {Will+}
rPois   .          Reflect  .    y - +0 helmet
rElec   .          Harm     .    p - +2 cloak
rCorr   .          Rampage  .    k - +0 pair of gloves
Will    ++...                    (no boots)
Stlth   +++.......               (no amulet)
HPRegen 0.22/turn                g - ring of wizardry
MPRegen 0.16/turn                z - ring of Insomnia {Fly Will+ Dex-4 SInv Stlth+}

@: flying, very slightly contaminated, lightly drained
A: rugged brown scales 1, demonic guardian 1, spiny 3, weakness stinger 1
a: Renounce Religion


You were on level 8 of the Dungeon.
You worshipped Vehumet.
Vehumet was pleased with you.
You visited 2 branches of the dungeon, and saw 9 of its levels.

You collected 534 gold pieces.
You spent 468 gold pieces at shops.

Inventory:

Hand Weapons
 r - a +2 whip of electrocution (weapon)
 v - a +0 dagger of electrocution
 x - a +3 falchion of venom
Missiles
 c - 9 poisoned darts
Armour
 k - a +0 pair of gloves (worn)
 p - a +2 cloak (worn)
 y - a +0 helmet (worn)
 C - a +2 leather armour of willpower (worn)
Jewellery
 a - an amulet of the acrobat
 f - a ring of poison resistance
 g - a ring of wizardry (left hand)
 o - a ring of protection from fire
 z - the ring of Insomnia (right hand) {Fly Will+ Dex-4 SInv Stlth+}
   (You found it on level 6 of the Dungeon)

   [ring of flight]

   Dex:       It affects your dexterity (-4).
   SInv:      It lets you see invisible.
   Fly:       It grants you flight.
   Will:      It increases your willpower.
   Stlth:     It makes you more stealthy.
Wands
 d - a wand of charming (12)
 s - a wand of roots (27)
 B - a wand of quicksilver (8)
Scrolls
 i - 5 scrolls of teleportation
 t - 5 scrolls of identify
 u - a scroll of silence {unknown}
Potions
 b - 3 potions of magic
 e - 2 potions of heal wounds
 h - 2 potions of attraction
 j - a potion of might
 l - 2 potions of lignification
 m - 5 potions of brilliance
 n - 2 potions of curing
 q - a potion of mutation
 w - a potion of ambrosia
 A - a potion of cancellation


   Skills:
 + Level 6.2 Fighting
 + Level 2.9 Dodging
 - Level 4.5 Stealth
 + Level 5.5 Spellcasting
 - Level 5.6 Conjurations
 + Level 3.2 Necromancy
 - Level 0.8 Transmutations
 * Level 9.7 Earth Magic
 - Level 6.0 Evocations


You had 4 spell levels left.
You knew the following spells:

 Your Spells              Type           Power      Damage    Failure   Level
a - Sandblast             Erth           88%        2d18      1%          1
b - Searing Ray           Conj           56%        2d6       1%          2
c - Stone Arrow           Conj/Erth      72%        3d11      1%          3
d - Petrify               Tmut/Erth      26%        N/A       8%          4
e - Magic Dart            Conj           100%       1d8       1%          1
f - Borgnjor's Vile Clut  Necr/Erth      15%        N/A       12%         5

Your spell library contained the following spells:

 Spells                   Type           Power      Damage    Failure   Level
 Shock                    Conj/Air       64%        1d7       1%          1
 Necrotise                Necr           72%        1d7       1%          1
 Passwall                 Tmut/Erth      21%        N/A       1%          2
 Vampiric Draining        Necr           18%        2d7       5%          3
 Blink                    Tloc           10%        N/A       10%         2
 Animate Dead             Necr           18%        N/A       16%         4
 Frozen Ramparts          Ice            10%        1d2       19%         3
 Lesser Beckoning         Tloc           5%         N/A       19%         3
 Fulminant Prism          Conj/Hex       8%         3d7       21%         4
 Ice Form                 Ice/Tmut       7%         N/A       45%         4
 Manifold Assault         Tloc           5%         N/A       52%         4
 Olgreb's Toxic Radiance  Pois           5%         N/A       52%         4
 Summon Ice Beast         Ice/Summ       5%         N/A       52%         4
 Agony                    Necr           18%        N/A       41%         5
 Summon Forest            Summ/Tloc      2%         N/A       85%         5
 Death Channel            Necr           9%         N/A       92%         6
 Eringya's Noxious Bog    Tmut/Pois      3%         N/A       100%        6
 Ozocubu's Refrigeration  Ice            2%         4d8       100%        7
 Summon Hydra             Summ           2%         N/A       100%        7
 Ignition                 Fire           2%         3d3       100%        8


Dungeon Overview and Level Annotations

Branches:
Dungeon (8/15)             Temple (1/1) D:4            Lair (0/5) D:8

Altars:
Cheibriados
Dithmenos
Fedhas
Gozag
Hepliaklqana
Kikubaaqudgha
Makhleb
Nemelex Xobeh
Okawaru
Ru
Sif Muna
Trog
Uskayaw
Vehumet
Xom
Yredelemnul

Shops:
D:7 *   D:8 :

Annotations:
D:4 exclusions: 2 orc priests and 2 more exclusions
D:8 exclusion: ice statue


Innate Abilities, Weirdness & Mutations

You are partially covered in rugged brown scales. (AC +1, +3% HP)
A weak demonic guardian rushes to your aid.
You are completely covered in sharp spines.
You have a small tail.


Message History

The ice beast attacks as you move away! The ice beast barely misses you.
You are engulfed in freezing vapours.
The zombie hands constrict the ice statue.
Your ufetubus is engulfed in freezing vapours.
The zombie hands constrict the ice statue.
Your ufetubus is engulfed in freezing vapours. x2
Your ufetubus dies!
Your ufetubus disappears in a puff of smoke!
The ice beast attacks as you move away!
The ice beast hits you but does no damage.
The zombie hands constrict the ice statue!
The zombie hands release their grip on the ice statue.
You hit the ice beast but do no damage. The ice beast is struck by your spines.
The ice beast hits you but does no damage.
You hit the ice beast.
Your tail-slap misses the ice beast.
The ice beast is moderately wounded.
The ice beast barely misses you.
You barely miss the ice beast.
The ice beast is moderately wounded.
The ice beast completely misses you.
You hit the ice beast.
The ice beast is moderately wounded.
The ice beast barely misses you.
You barely miss the ice beast. You tail-slap the ice beast.
The ice beast is heavily wounded.
The ice beast is struck by your spines.
You kill the ice beast!
The ice beast disappears in a puff of smoke!
Really fly into a travel-excluded area?
Casting: Stone Arrow (safe; 1% risk of failure)
Confirm with . or Enter, or press ? or * to list all spells.
Aiming: Borgnjor's Vile Clutch (dangerous; 12% risk of failure)
Press: ? - help, Shift-Dir - straight line, f/p - ice statue
Aim: an ice statue (heavily damaged, 100% to hit)
You miscast Borgnjor's Vile Clutch.
You are very lightly contaminated with residual magic.
You hear strange and distant voices!
You feel drained. The ice statue gestures at you. The bolt of cold hits you!!
You die...

##.######.. #.#..
...###... ##(#.#
..≈≈≈≈≈..
#..#.###≈≈~~~≈≈#
#.##..##~~...~~##.
####
#.##..≈~~.....~~≈.
#...
#.#..≈≈~.##.##.~≈≈
..##
#...#≈~..#$?$#..~≈
#..##≈~.@.?8?...~≈
##..#≈~..#)$$#..~≈
##..≈≈~.##.##.~≈≈
##..≈~~.....~~≈.
#..##~~...~~##.
#.###≈≈~~~≈≈#
#.##..≈≈≈≈≈..#
#......###.....
######..# .####


You could see an ice statue.

Vanquished Creatures
  Erica (D:8)
  Pikel (D:8)
  A komodo dragon (D:8)
  6 ice devils (D:8)
  A troll (D:8)
  Eustachio (D:4)
  5 yaks
  2 steam dragons
  A water moccasin (D:6)
  2 orc warriors (D:8)
  3 ogres
  4 black bears
  4 centaurs
  2 lemures
  4 bullfrogs
  2 necrophages (D:7)
  A scorpion (D:5)
  4 wights (D:8)
  A howler monkey (D:4)
  3 electric eels (D:7)
  4 hounds
  2 jellies (D:7)
  2 gnoll boudas (D:7)
  4 orc priests
  Ijyb (D:5)
  4 iguanas
  6 orc wizards
  14 gnolls
  10 adders
  2 shadow imps
  A white imp (D:4)
  5 ufetubi (D:8)
  14 dart slugs
  23 orcs
  7 bats
  A bat zombie (D:7)
  6 endoplasms
  5 giant cockroaches
  10 goblins
  12 hobgoblins
  3 jackals (D:3)
  5 quokkas
  6 ball pythons
  6 frilled lizards (D:1)
  9 kobolds
  4 rats
215 creatures vanquished.

Vanquished Creatures (others)
  17 fungi (D:8)
  10 plants (D:8)
27 creatures vanquished.

Grand Total: 242 creatures vanquished

Notes
Turn   | Place    | Note
-------+----------+-------------------------------------------
     0 | D:1      | PublicAnimeNo1 the Demonspawn Earth Elementalist began the
                  | quest for the Orb.
     0 | D:1      | Reached XP level 1. HP: 13/13 MP: 3/3
   400 | D:1      | Reached skill level 1 in Fighting
   400 | D:1      | Reached skill level 3 in Earth Magic
   400 | D:1      | Gained mutation: You have a small tail. [demonic ancestry]
   400 | D:1      | Reached XP level 2. HP: 21/21 MP: 3/5
   582 | D:1      | Noticed a golden eye
   585 | D:1      | Found a faded altar of an unknown god.
   604 | D:1      | Noticed a great orb of eyes
   608 | D:1      | Noticed a great orb of eyes
   614 | D:1      | Noticed a great orb of eyes
  1285 | D:2      | Gained mutation: You are partially covered in sharp spines.
                  | [demonic ancestry]
  1285 | D:2      | Reached XP level 3. HP: 26/26 MP: 4/6
  1554 | D:2      | Found an opulent altar of Gozag.
  1895 | D:2      | Gained mutation: You are mostly covered in sharp spines.
                  | [demonic ancestry]
  1895 | D:2      | Reached XP level 4. HP: 33/33 MP: 4/7
  2561 | D:3      | Reached skill level 4 in Earth Magic
  2782 | D:3      | Reached XP level 5. HP: 38/38 MP: 5/8
  3529 | D:4      | Noticed Eustachio
  3534 | D:4      | Learned a level 2 spell: Searing Ray
  3870 | D:4      | Reached XP level 6. HP: 44/46 MP: 5/9
  4004 | D:4      | Found a staircase to the Ecumenical Temple.
  4068 | Temple   | Entered the Ecumenical Temple
  4068 | Temple   | Found a transporter.
  4068 | Temple   | Found a transporter.
  4070 | Temple   | Found a transporter.
  4070 | Temple   | Found a transporter.
  4658 | D:5      | Entered Level 5 of the Dungeon
  4669 | D:4      | Reached skill level 1 in Conjurations
  4669 | D:4      | Reached skill level 1 in Evocations
  5179 | D:4      | Reached skill level 5 in Earth Magic
  5207 | D:4      | Killed Eustachio
  5208 | D:4      | Gained mutation: You are partially covered in rugged brown
                  | scales. (AC +1, +3% HP) [demonic ancestry]
  5208 | D:4      | Reached XP level 7. HP: 20/52 MP: 7/10
  5783 | D:5      | Noticed Ijyb
  5822 | D:5      | Killed Ijyb
  6256 | D:4      | Learned a level 3 spell: Stone Arrow
  6261 | D:4      | Learned a level 4 spell: Petrify
  6361 | D:5      | Reached skill level 6 in Earth Magic
  6675 | D:5      | Gained mutation: You are completely covered in sharp
                  | spines. [demonic ancestry]
  6675 | D:5      | Reached XP level 8. HP: 58/58 MP: 4/11
  7364 | D:6      | Found a radiant altar of Vehumet.
  7474 | D:6      | Became a worshipper of Vehumet
  7476 | D:6      | Identified the ring of Insomnia {Fly Will+ Dex-4 SInv
                  | Stlth+}
  8134 | D:6      | Reached skill level 7 in Earth Magic
  8496 | D:6      | Found a sacrificial altar of Ru.
  9166 | D:7      | Learned a level 1 spell: Magic Dart
  9246 | D:7      | Found Badwat's Profane Products.
  9319 | D:7      | Reached XP level 9. HP: 66/66 MP: 11/13
  9365 | D:7      | Found an ancient bone altar of Kikubaaqudgha.
  9692 | D:7      | Reached * piety under Vehumet
  9692 | D:7      | Offered knowledge of Freeze by Vehumet.
 10128 | D:8      | Noticed Pikel
 10129 | D:8      | Noticed Erica
 10145 | D:8      | Reached skill level 8 in Earth Magic
 10153 | D:7      | Reached skill level 5 in Conjurations
 10153 | D:7      | Reached skill level 5 in Evocations
 10424 | D:8      | Killed Pikel
 10425 | D:8      | Reached skill level 5 in Fighting
 10432 | D:8      | Killed Erica
 10433 | D:8      | Gained mutation: A weak demonic guardian rushes to your
                  | aid. [demonic ancestry]
 10433 | D:8      | Reached XP level 10. HP: 58/76 MP: 4/17
 10525 | D:8      | Found Nelir's Book Shoppe.
 10535 | D:8      | Bought a book of Unlife for 468 gold pieces
 10541 | D:8      | Learned a level 5 spell: Borgnjor's Vile Clutch
 10629 | D:8      | Offered knowledge of Shock by Vehumet.
 10630 | D:8      | Reached ** piety under Vehumet
 10642 | D:8      | Reached skill level 1 in Necromancy
 10670 | D:8      | Reached skill level 9 in Earth Magic
 10845 | D:8      | Reached skill level 5 in Spellcasting
 10961 | D:8      | Found a staircase to the Lair.
 11262 | D:8      | Noticed an ice statue
 12161 | D:8      | Killed from afar by an ice statue

Illustrated notes

Levels and vault maps discovered:
D:1:      minmay_arrival_cross, layout_basic,
          hellmonk_ecumenical_altar_watching_god, minivault_4, nrook_campfire,
          corexii_corridor_pit, minmay_three_crescents
D:2:      minmay_chambers_of_twos, layout_basic, basic_altar
D:3:      layout_loops_cross, tso_altar, serial_rivers,
          chequers_serial_rivers_small_b, chequers_serial_rivers_micro_d,
          chequers_serial_rivers_micro_c, chequers_serial_rivers_large_b,
          chequers_serial_rivers_room_b, minmay_misc_feat_encased,
          due_unseen_surprise
D:4:      layout_layer_cave, minmay_temple_entry_mini_moons, uniq_eustachio
D:5:      layout_cave_pools, uniq_ijyb
D:6:      layout_basic, gammafunk_temple_overflow_statue,
          nicolae_ru_path_of_blood, fiery_altar_vehumet
D:7:      kennysheep_slugbush, layout_gridville,
          lemuel_zombie_altar_kikubaaqudgha, nicolae_evil_shop
D:8:      cheibrodos_frozen_isle, layout_basic, zin_academy,
          grunt_lair_entry_orc_guard_hut, serial_shops, shop_statue,
          serial_curves, eino_curves_04, eino_curves_02,
          kennysheep_another_room, uniq_pikel, uniq_erica, uniq_maggie
Temple:   hellmonk_temple_divided_pantheon

Skill      XL: |  1  2  3  4  5  6  7  8  9 10 |
---------------+-------------------------------+-----
Fighting       | 1 2 3 5 6 |  6.2
Earth Magic    | 3 4 5 6 7 8 9 |  9.7
Stealth        | 2 3 4 |  4.5
Conjurations   | 2 3 4 5 |  5.6
Evocations     | 2 3 4 5 6 |  6.0
Spellcasting   | 3 4 5 |  5.5
Necromancy     | 3 |  3.2
Dodging        | 2 |  2.9
Transmutations | |  0.8

Action                   |  1- 3 |  4- 6 |  7- 9 | 10-12 || total
-------------------------+-------+-------+-------+-------++-------
Melee: Short sword       |    20 |       |       |       ||    20
       Tailslap          |     2 |       |    12 |     4 ||    18
       Whip              |       |    25 |    90 |    30 ||   145
       Punch             |       |       |     1 |     1 ||     2
 Cast: Sandblast         |    49 |    57 |   110 |    52 ||   268
       Stone Arrow       |       |       |    18 |    16 ||    34
       Petrify           |       |       |     2 |     1 ||     3
       Searing Ray       |       |       |     1 |     1 ||     2
       Borgnjor's Vile C |       |       |       |     3 ||     3
Evoke: Wand              |       |     3 |     3 |     5 ||    11
  Use: Scroll            |     3 |     5 |     8 |       ||    16
       Potion            |       |       |     2 |       ||     2
 Stab: Sleeping          |     1 |     1 |       |       ||     2
       Petrified         |       |       |       |     2 ||     2
Armor: Robe              |    10 |       |     6 |       ||    16
       Skin              |       |       |    44 |       ||    44
       Steam dragon scal |       |       |    24 |       ||    24
       Leather armour    |       |       |    17 |    16 ||    33
Dodge: Dodged            |    15 |    24 |    67 |    27 ||   133

Table legend: (Time is in decaauts)
 A = Elapsed time spent in this place.
 B = Non-inter-level travel time spent in this place.
 C = Inter-level travel time spent in this place.
 D = Time resting spent in this place.
 E = Time spent auto-exploring this place.
 F = Levels seen in this place.
 G = Mean time per level.
                   A        B        C        D        E       F      G
               +--------+--------+--------+--------+--------+-----+--------+
         Total |  12371 |  11945 |    426 |   3743 |   6624 |   9 | 1374.6 |
       Dungeon |  12324 |  11906 |    418 |   3743 |   6621 |   8 | 1540.5 |
        Temple |     47 |     40 |      7 |      0 |      3 |   1 |   47.0 |
               +--------+--------+--------+--------+--------+-----+--------+

Top non-repeatable levels by time:
     D:4: 2636 daAuts
     D:8: 1832 daAuts
     D:7: 1814 daAuts
     D:6: 1660 daAuts
     D:1: 1294 daAuts
     D:2: 1184 daAuts
     D:3: 1086 daAuts
     D:5: 815 daAuts
  Temple: 47 daAuts
